 Dungeon Crawl Stone Soup version 0.28-a0-779-g3d1f99b579 (webtiles) character file.

Game seed: 163689662633624335

215677 quinnr the Stormcaller (level 19, -3/107 HPs)
             Began as a Tengu Air Elementalist on Nov 2, 2021.
             Was a High Priest of Sif Muna.
             Killed from afar by Roxanne (44 damage)
             ... with a crystal spear
             ... on level 2 of the Spider Nest on Nov 3, 2021.
             The game lasted 02:54:25 (65492 turns).

quinnr the Stormcaller (Tengu Air Elementalist)    Turns: 65492, Time: 02:54:26

Health: -3/107     AC: 18    Str:  9    XL:     19   Next: 3%
Magic:  16/36      EV: 32    Int: 24    God:    Sif Muna [*****.]
Gold:   876        SH:  5    Dex: 14    Spells: 5/42 levels left

rFire   . . .      SeeInvis .   (weapon currently unavailable)
rCold   + . .      Faith    .   (shield currently unavailable)
rNeg    . . .      Spirit   .   (armour currently unavailable)
rPois   ∞          Reflect  +   (helmet currently unavailable)
rElec   +          Harm     .   (cloak currently unavailable)
rCorr   .          Rampage  .   (gloves currently unavailable)
Will    +....                   (boots unavailable)
Stlth   ++++......              v - amulet "Abloa" {Reflect rC+ SH+5}
HPRegen 0.27/turn               c - ring of wizardry
MPRegen 0.25/turn               V - ring of poison resistance

@: storm-form, flying quickly and evasively, quick
A: cleaving, flying, (beak), (talons 3), nimble flight, frail 1
}: 1/15 runes: decaying
a: Blinkbolt, End Transformation, Renounce Religion, Channel Magic, Forget
Spell, Divine Exegesis


You were on level 2 of the Spider Nest.
You worshipped Sif Muna.
Sif Muna was extremely pleased with you.
You were a lightning-filled tempest!
You visited 6 branches of the dungeon, and saw 30 of its levels.
You visited the Abyss 1 time.
You also visited: Sewer, Bailey and Ice Cave.

You collected 3320 gold pieces.
You spent 2444 gold pieces at shops.

Inventory:

Hand Weapons
 k - the +9 dagger "Juzivih" {pain, *Corrode rElec Str+2 Int+4 Dex+4}
   (You found it on level 3 of the Abyss)

   In the hands of one skilled in necromantic magic, it inflicts extra damage on
   living creatures.
   Str:       It affects your strength (+2).
   Int:       It affects your intelligence (+4).
   Dex:       It affects your dexterity (+4).
   rElec:     It insulates you from electricity.
   *Corrode:  It may corrode you when you take damage.
Missiles
 Y - 9 curare-tipped darts
Armour
 f - a +3 buckler of protection (melded)
 H - a +0 pair of gloves (melded)
 P - a +2 cloak of cold resistance (melded)
 R - a +2 hat (melded)
 W - a +2 robe of willpower (melded)
Magical Staves
 j - a staff of air (melded)
Jewellery
 c - a ring of wizardry (left hand)
 o - a +4 ring of evasion
 q - a ring of protection from cold
 t - the ring of Ceoduej {rN+ Str-5 Int+4 Stlth+}
   (You found it on level 6 of the Lair of Beasts)

   [ring of positive energy]

   Str:       It affects your strength (-5).
   Int:       It affects your intelligence (+4).
   rN:        It protects you from negative energy.
   Stlth:     It makes you more stealthy.
 v - the amulet "Abloa" (around neck) {Reflect rC+ SH+5}
   (You bought it in a shop on level 13 of the Dungeon)

   [amulet of reflection]

   It reflects blocked missile attacks.
   rC:        It protects you from cold.
   SH:        It affects your SH (+5).
 x - the ring of Diecogho {Will+ Str+6 Dex+4}
   (You found it on level 13 of the Dungeon)

   [ring of strength]

   Str:       It affects your strength (+6).
   Dex:       It affects your dexterity (+4).
   Will:      It increases your willpower.
 y - a ring of protection from fire
 z - a ring of wizardry
 E - the ring of the Death Scarab {rF+ AC+4}
   (You found it on level 12 of the Dungeon)

   [ring of protection]

   AC:        It affects your AC (+4).
   rF:        It protects you from fire.
 Q - the ring "Qoelabb" {Fly rCorr Str+4 Dex+2}
   (You found it on level 4 of the Swamp)

   [ring of flight]

   Str:       It affects your strength (+4).
   Dex:       It affects your dexterity (+2).
   Fly:       It grants you flight.
   rCorr:     It protects you from acid and corrosion.
 T - the ring of Hoiwi {*Slow Will+ MP+9 Int+5 Slay+2}
   (You found it in an ice cave)

   [ring of magical power]

   Int:       It affects your intelligence (+5).
   Slay:      It affects your accuracy & damage with ranged weapons and melee
   (+2).
   MP:        It affects your magic capacity (+9).
   *Slow:     It may slow you when you take damage.
   Will:      It increases your willpower.
 V - a ring of poison resistance (right hand)
 X - a ring of see invisible
Wands
 g - a wand of charming (7)
 r - a wand of acid (10)
 s - a wand of iceblast (9)
 A - a wand of mindburst (6)
 B - a wand of polymorph (41)
 J - a wand of digging (10)
 Z - a wand of paralysis (15)
Scrolls
 e - 3 scrolls of vulnerability
 m - 5 scrolls of immolation
 w - 2 scrolls of holy word
 C - 4 scrolls of magic mapping
 D - 7 scrolls of fear
 F - 6 scrolls of amnesia
 K - a scroll of silence
 L - 3 scrolls of teleportation
 N - 4 scrolls of fog
 O - a scroll of brand weapon
 S - 2 scrolls of enchant weapon
Potions
 b - a potion of cancellation
 d - 6 potions of invisibility
 h - 8 potions of lignification
 i - 3 potions of might
 l - 7 potions of curing
 n - 11 potions of haste
 p - 6 potions of ambrosia
 u - 3 potions of berserk rage
 G - 3 potions of resistance
 M - 5 potions of mutation
 U - 8 potions of brilliance
Miscellaneous
 a - a phial of floods
 I - a tin of tremorstones (2/2)


   Skills:
 - Level 13.0 Fighting
 + Level 15.9 Dodging
 - Level 10.0 Stealth
 - Level 4.0 Shields
 - Level 12.0 Spellcasting
 - Level 10.0 Conjurations
 - Level 10.0 Summonings
 - Level 3.0 Translocations
 + Level 5.7 Transmutations
 - Level 4.0 Ice Magic
 + Level 20.0 Air Magic
 - Level 10.0 Invocations
 - Level 4.0 Evocations


You had 5 spell levels left.
You knew the following spells:

 Your Spells              Type           Power      Damage    Failure   Level
a - Shock                 Conj/Air       100%       1d9       0%          1
b - Airstrike             Air            42%        N/A       0%          4
c - Summon Lightning Spi  Summ/Air       72%        N/A       1%          4
d - Lightning Bolt        Conj/Air       36%        1d54      1%          5
e - Blink                 Tloc           56%        N/A       1%          2
f - Swiftness             Air            84%        N/A       0%          3
g - Call Canine Familiar  Summ           58%        N/A       1%          3
h - Summon Guardian Gole  Hex/Summ       38%        N/A       1%          3
i - Freezing Cloud        Conj/Ice/Air   31%        6-21      1%          5
j - Storm Form            Tmut/Air       33%        N/A       8%          7

Your spell library contained the following spells:

 Spells                   Type           Power      Damage    Failure   Level
 Static Discharge         Conj/Air       72%        N/A       0%          2
 Animate Skeleton         Necr           28%        N/A       1%          1
 Apportation              Tloc           56%        N/A       1%          1
 Foxfire                  Conj/Fire      100%       2x1d9     1%          1
 Freeze                   Ice            100%       1d11      1%          1
 Magic Dart               Conj           100%       1d8       1%          1
 Summon Small Mammal      Summ           100%       N/A       1%          1
 Corpse Rot               Necr/Air       100%       N/A       1%          2
 Ensorcelled Hibernation  Hex/Ice        48%        N/A       1%          2
 Searing Ray              Conj           100%       2d8       1%          2
 Dazzling Flash           Conj/Hex       76%        N/A       1%          3
 Frozen Ramparts          Ice            66%        1d8       1%          3
 Gell's Gravitas          Tloc           28%        N/A       1%          3
 Lesser Beckoning         Tloc           28%        N/A       1%          3
 Mephitic Cloud           Conj/Pois/Air  58%        N/A       1%          3
 Stone Arrow              Conj/Erth      76%        3d11      1%          3
 Hailstorm                Conj/Ice       48%        3d11      1%          4
 Iskenderun's Mystic Bla  Conj/Tloc      45%        2d10      1%          4
 Iskenderun's Battlesphe  Conj           58%        2d11      1%          5
 Scorch                   Fire           28%        2d6       2%          2
 Ignite Poison            Fire/Tmut/Pois 23%        N/A       2%          3
 Portal Projectile        Hex/Tloc       42%        N/A       2%          3
 Animate Armour           Summ/Erth      76%        N/A       2%          4
 Flame Wave               Conj/Fire      38%        3d8       2%          4
 Fulminant Prism          Conj/Hex       19%        3d11      2%          4
 Sticky Flame             Conj/Fire      38%        2d6       2%          4
 Passage of Golubria      Tloc           28%        N/A       4%          4
 Blade Hands              Tmut           21%        N/A       4%          5
 Inner Flame              Hex/Fire       14%        N/A       5%          3
 Tukima's Dance           Hex            14%        N/A       5%          3
 Petrify                  Tmut/Erth      28%        N/A       5%          4
 Fireball                 Conj/Fire      19%        3d9       6%          5
 Summon Mana Viper        Hex/Summ       38%        N/A       6%          5
 Manifold Assault         Tloc           28%        N/A       14%         5
 Cause Fear               Hex            7%         N/A       16%         4
 Yara's Violent Unravell  Hex/Tmut       14%        3d7       16%         5
 Metabolic Englaciation   Hex/Ice        12%        N/A       21%         5
 Conjure Ball Lightning   Conj/Air       36%        3x3d12    1%          6
 Maxwell's Capacitive Co  Air            42%        ∞         3%          8
 Summon Cactus Giant      Summ           29%        N/A       4%          6
 Iron Shot                Conj/Erth      19%        9d4       32%         6
 Dispersal                Tloc           14%        N/A       56%         6
 Statue Form              Tmut/Erth      18%        N/A       58%         6
 Discord                  Hex            7%         N/A       100%        8
 Disjunction              Tloc           14%        N/A       100%        8
 Ignition                 Fire           7%         3d4       100%        8
 Lehudib's Crystal Spear  Conj/Erth      19%        10d6      100%        8


Dungeon Overview and Level Annotations

Branches:
Dungeon (15/15)            Temple (1/1) D:7            Lair (6/6) D:10
  Swamp (4/4) Lair:3       Spider (2/4) Lair:2        Slime (0/5) Lair:6
    Orc (2/2) D:11            Elf (0/3) Orc:2        Vaults (0/5) D:13
 Depths (0/4) D:15          Sewer (visited)          Bailey (visited)
  IceCv (visited)

Altars:
Ashenzari
Cheibriados
Dithmenos
Elyvilon
Fedhas
Gozag
Hepliaklqana
Kikubaaqudgha
Makhleb
Nemelex Xobeh
Okawaru
Qazlal
Ru
Sif Muna
Trog
Uskayaw
Vehumet
Wu Jian
Xom
Yredelemnul
Zin
The Shining One
Beogh

Shops:
D:4 !   D:11 *   D:13 *   Orc:2 ((!!(

Annotations:
Spider:2 Roxanne


Innate Abilities, Weirdness & Mutations

You are a lightning-filled tempest!
Your stormy fists strike out in all directions at once.
You are incredibly evasive.
You are flying.
You are immune to poison.
Your armour is entirely melded.
You are incapable of wielding weapons or throwing items.
((You have a beak for a mouth.))
((You have claws for feet.))
Your magical nature lets you fly swiftly and evasively.
You are frail. (-10% HP)


Message History

Casting: Lightning Bolt (safe; 1% risk of failure)
Confirm with . or Enter, or press ? or * to list all spells.
An electric hum fills the air.
Your warg bites Roxanne.
Roxanne casts a spell.
The iron shot hits your warg!!!
Your warg dies!
Your warg's corpse disappears in a puff of smoke!
Unknown command.
You hit Roxanne but do no damage.
Roxanne is severely damaged.
You feel less invigorated.
Roxanne casts a spell.
You blink.
Your lightning spire shoots out a bolt of lightning at Roxanne!
The bolt of electricity hits Roxanne.
Roxanne resists.
Roxanne mumbles some strange words.
Your lightning spire is unaffected.
You buffet Roxanne!
Roxanne is almost destroyed.
Your lightning spire shoots out a bolt of lightning at Roxanne!
The bolt of electricity hits Roxanne.
Roxanne resists.
You catch the helpless Roxanne completely off-guard!
You buffet Roxanne!
Roxanne is almost destroyed.
Your lightning spire shoots out a bolt of lightning at Roxanne!
The bolt of electricity hits Roxanne.
Roxanne resists.
You catch the helpless Roxanne completely off-guard!
You hit Roxanne but do no damage.
Roxanne is almost destroyed.
Your lightning spire shoots out a bolt of lightning at Roxanne!
The bolt of electricity hits Roxanne.
Roxanne resists.
Roxanne mumbles some strange words.
The crystal spear hits your lightning spire!!!
Your lightning spire is destroyed!
Your lightning spire disappears in a puff of smoke!
You buffet Roxanne!
Roxanne is almost destroyed.
Roxanne mumbles some strange words.
The crystal spear hits you!!!
You die...

##....####.##..#..!#............#
#......?..<...##..............#..
#####^........#.......####..###..
#.....#...........##..#..#.###
####..###..#..##.####...##..#
####.#..#..#### ##..#..###
#..8.#### ##.........
##...#..######..........
##....v..##.......##...
###.§8..#....#..#####.
**.#.....#...##### #..
#.....§..#...# ##. ##.......##†.#
## ##.........## #### #.#......##
###.## ###.##=### ###....# ######
##^#....#


You could see Roxanne.

Vanquished Creatures
  A quicksilver dragon (shapeshifter) (D:13)
  A tentacled starspawn (Abyss:3)
  3 frost giants
  An emperor scorpion (Spider:1)
  A cacodemon (Abyss:3)
  3 very ugly things (Swamp:4)
  The ghost of SirDiesAlot the Fighter, a journeyman MiDe of Gozag (D:14)
  4 bunyips
  An ettin (shapeshifter) (D:15)
  2 eleionomae (Swamp:3)
  2 fire dragons
  2 green deaths (Swamp:4)
  A shambling mangrove (Swamp:3)
  A spectral fenstrider witch (Swamp:3)
  2 hell beasts (Swamp:4)
  2 vault guards (D:13)
  A great orb of eyes (Swamp:4)
  13 hydras
  8 centaur warriors
  A boulder beetle (Spider:1)
  2 death knights
  A catoblepas (Lair:6)
  An ogre mage (D:15)
  A ghost crab (Swamp:4)
  4 alligators (Swamp:2)
  5 two-headed ogres
  3 tengu warriors
  10 death yaks
  2 deep troll earth magi (D:13)
  A dancing weapon (Swamp:4)
  An orc high priest (Orc:2)
  3 thrashing horrors (Abyss:3)
  2 skeletal warriors
  A wretched star (Abyss:3)
  A fire crab (Lair:6)
  The ghost of croobank the Geomancer, a novice GrEE of Vehumet (Lair:1)
  2 swamp dragons (Swamp:4)
  5 spriggan druids
  A goliath frog (Swamp:1)
  3 large abominations
  5 bog bodies
  A wizard (D:13)
  A lindwurm (Lair:6)
  A phantasmal warrior (D:15)
  7 orb spiders
  6 wolf spiders
  2 deep elf pyromancers
  4 orc knights
  A necromancer (D:13)
  18 ugly things
  13 slime creatures
  5 orc sorcerers
  5 cyclopes
  6 elephants
  A manticore (D:12)
  3 starcursed masses (Abyss:3)
  4 will-o-the-wisps
  3 black mambas
  A moth of wrath (Spider:2)
  Maurice (D:8)
  3 torpor snails (Lair:6)
  An ice statue (IceCv)
  3 gargoyles
  3 orange demons (Swamp:4)
  A smoke demon (Abyss:3)
  5 cane toads
  An efreet (D:15)
  3 rime drakes
  2 freezing wraiths (D:15)
  4 komodo dragons
  5 demonic crawlers
  An ancient zyme (Abyss:3)
  A bloated husk (Swamp:4)
  3 meliai (D:14)
  10 hornets
  10 jumping spiders (Spider:2)
  4 tyrant leeches
  9 polar bears
  2 raiju (Lair:6)
  6 blink frogs
  A dream sheep (Lair:4)
  6 redbacks
  A flying skull (Abyss:3)
  8 tarantellas
  3 shadows
  24 yaks
  5 spriggans
  2 wraiths
  A vampire (Abyss:3)
  A basilisk (D:14)
  8 humans (D:13)
  A neqoxec (Abyss:3)
  15 vampire mosquitoes
  11 swamp worms
  7 water moccasins
  6 wargs
  7 hell hounds
  A swamp drake (Swamp:1)
  Pargi (Sewer)
  An ice beast (D:6)
  3 sky beasts
  14 orc warriors
  5 black bears
  A necrophage (D:6)
  19 wolves
  The ghost of Leeroy the Ruffian, an amateur DrTm (D:3)
  14 centaurs
  7 ogres
  A kobold brigand (D:8)
  2 phantoms
  6 bullfrogs
  2 scorpions (D:6)
  2 killer bees
  A wight (D:6)
  3 vampire bats (Lair:6)
  2 electric eels
  3 centaur zombies
  19 orc priests
  Terence (D:2)
  29 orc wizards
  A hound skeleton (D:4)
  A gnoll (D:5)
  A howler monkey skeleton (D:4)
  6 adders
  A white imp (D:8)
  A worm (D:2)
  3 dart slugs
  66 orcs
  7 bats
  10 endoplasms
  7 giant cockroaches
  11 goblins
  5 hobgoblins
  4 quokkas
  6 ball pythons
  5 frilled lizards
  13 kobolds
  5 rats
  2 lurking horrors (Abyss:3)
666 creatures vanquished.

Vanquished Creatures (collateral kills)
  The ghost of porpoise the Eclecticist, an adept DECj of Vehumet (Swamp:4)
  The ghost of flotson the Peltast, an adept MiDe of Gozag (Swamp:3)
  A fenstrider witch (Swamp:3)
  A stone giant (D:13)
  A bunyip (Lair:3)
  An eleionoma (Swamp:2)
  2 vault guards (D:13)
  A catoblepas (Lair:6)
  Fannar (D:10)
  2 ghost crabs (Swamp:3)
  8 hydras
  5 alligators
  A centaur warrior (D:13)
  A tengu warrior (D:13)
  5 two-headed ogres
  5 death yaks
  A thrashing horror (Abyss:3)
  A deep troll earth mage (D:13)
  Sonja (Lair:4)
  A goliath frog (Swamp:2)
  4 skeletal warriors (D:13)
  A spriggan druid (Swamp:4)
  2 swamp dragons (Swamp:4)
  6 bog bodies
  An orc knight (D:14)
  A lindwurm (Lair:6)
  A necromancer (D:13)
  2 orc sorcerers
  3 ugly things
  3 oklob plants (Lair:6)
  A wolf spider (Spider:1)
  3 cyclopes
  A manticore (D:13)
  A will-o-the-wisp (Swamp:2)
  3 black mambas
  A naga mage (Abyss:3)
  Joseph (D:7)
  10 elephants
  A smoke demon (Abyss:3)
  4 torpor snails (Lair:6)
  8 cane toads
  2 freezing wraiths
  10 komodo dragons
  2 ice devils (D:11)
  2 jumping spiders (Spider:1)
  2 ancient zymes (Abyss:3)
  7 hornets
  A troll (Orc:2)
  14 polar bears
  5 tyrant leeches
  8 blink frogs
  4 dream sheep (Lair:4)
  A slime creature (D:13)
  A large abomination (Abyss:3)
  A ynoxinul (Abyss:3)
  3 tarantellas (Spider:1)
  3 redbacks (Spider:1)
  42 yaks
  A spriggan (Swamp:2)
  8 humans (D:13)
  3 small abominations (Abyss:3)
  4 basilisks
  A hog (shapeshifter) (D:9)
  2 steam dragons
  5 vampire mosquitoes
  4 swamp worms
  7 wargs
  A naga (Abyss:3)
  A swamp worm (shapeshifter) (D:13)
  13 hell hounds
  An acid dragon (D:10)
  5 water moccasins
  9 orc warriors
  A black bear (shapeshifter) (D:13)
  2 ice beasts
  14 black bears
  4 ogres
  2 starcursed masses (Abyss:3)
  11 wolves
  5 centaurs
  3 bullfrogs
  A wyvern zombie (D:6)
  A scorpion (D:6)
  4 killer bees (D:7)
  A jelly (D:5)
  8 orc priests
  2 centaur skeletons (D:7)
  An iguana (D:6)
  9 orc wizards
  A killer bee zombie (D:8)
  An adder (D:4)
  3 gnolls (D:5)
  2 white imps
  An ufetubus (Abyss:3)
  12 orcs
  A goblin (D:4)
  A kobold (D:8)
363 creatures vanquished.

Vanquished Creatures (others)
  A tentacled monstrosity (Swamp:2)
  A shard shrike simulacrum (Abyss:3)
  2 hydras
  An ice dragon (Lair:6)
  An orc high priest (Orc:1)
  A tengu warrior (D:14)
  A thrashing horror (Abyss:3)
  2 swamp dragons (Swamp:4)
  2 sixfirhies (Abyss:3)
  A fenstrider witch simulacrum (Swamp:3)
  A wizard (D:14)
  A bog body (Swamp:3)
  An elephant (Lair:4)
  A freezing wraith (D:13)
  2 komodo dragons
  2 bloated husks
  A raiju (Abyss:3)
  A tarantella (Spider:1)
  2 yaks (Lair:6)
  A neqoxec (Abyss:3)
  A swamp worm (Swamp:2)
  2 small abominations (Abyss:3)
  2 wolves
  An orc wizard (Orc:2)
  3 orcs (Orc:1)
  21 foxfires
  28 fungi
  A lurking horror (Abyss:3)
  60 plants
  2 starspawn tentacles (Abyss:3)
147 creatures vanquished.

Grand Total: 1176 creatures vanquished

Notes
Turn   | Place    | Note
-------+----------+-------------------------------------------
     0 | D:1      | quinnr the Tengu Air Elementalist began the quest for the
                  | Orb.
     0 | D:1      | Reached XP level 1. HP: 10/10 MP: 4/4
   294 | D:1      | Reached XP level 2. HP: 15/15 MP: 3/6
  1012 | D:1      | Reached XP level 3. HP: 19/19 MP: 4/7
  1052 | D:1      | Reached skill level 5 in Air Magic
  1396 | D:1      | Found a faded altar of an unknown god.
  2094 | D:2      | Reached XP level 4. HP: 24/24 MP: 2/8
  2155 | D:2      | Reached skill level 6 in Air Magic
  2265 | D:2      | Noticed Terence
  2300 | D:2      | Killed Terence
  2585 | D:2      | Learned a level 4 spell: Airstrike
  2696 | D:3      | Found a glowing drain.
  2764 | Sewer    | Entered a sewer
  2767 | Sewer    | Noticed Pargi
  2778 | Sewer    | HP: 2/24 [Pargi (2)]
  2795 | Sewer    | Killed Pargi
  2796 | Sewer    | Reached skill level 1 in Fighting
  2796 | Sewer    | Reached skill level 7 in Air Magic
  2796 | Sewer    | Gained mutation: Your magical nature lets you fly swiftly
                  | and evasively. [Tengu growth]
  2796 | Sewer    | Reached XP level 5. HP: 26/29 MP: 1/9
  3151 | Sewer    | Learned a level 4 spell: Summon Lightning Spire
  3201 | D:3      | Found a shadowy altar of Dithmenos.
  3313 | D:3      | Noticed Leeroy's ghost (amateur DrTm)
  3317 | D:3      | Found a runed translucent door.
  3389 | D:3      | Reached XP level 6. HP: 31/34 MP: 6/11
  4070 | D:4      | Reached skill level 1 in Summonings
  4318 | D:4      | Identified a scroll of acquirement
  4318 | D:4      | Acquired a staff of air
  4947 | D:3      | Killed Leeroy's ghost
  4948 | D:3      | Reached XP level 7. HP: 38/38 MP: 5/13
  4960 | D:3      | Acquired a +2 buckler of protection
  5170 | D:4      | Reached skill level 8 in Air Magic
  5327 | D:4      | Found Botusata's Distillery.
  5341 | D:4      | Reached skill level 1 in Shields
  5408 | D:4      | Bought a potion of degeneration for 11 gold pieces
  5473 | D:4      | Found a stormy altar of Qazlal.
  5641 | D:4      | Found a snail-covered altar of Cheibriados.
  5910 | D:5      | Entered Level 5 of the Dungeon
  6356 | D:5      | Reached XP level 8. HP: 43/43 MP: 6/14
  6579 | D:5      | Found a hide-covered altar of Uskayaw.
  6765 | D:5      | Learned a level 5 spell: Lightning Bolt
  6838 | D:6      | Reached skill level 9 in Air Magic
  7043 | D:6      | Noticed a two-headed ogre
  7050 | D:6      | Killed a two-headed ogre
  7051 | D:6      | Reached skill level 10 in Air Magic
  7051 | D:6      | Reached XP level 9. HP: 18/47 MP: 3/16
  7343 | D:6      | Reached skill level 11 in Air Magic
  8365 | D:6      | Reached skill level 12 in Air Magic
  8457 | D:6      | Reached skill level 5 in Dodging
  8640 | D:6      | Learned a level 2 spell: Blink
  8924 | D:7      | quinnr: ??wizardry
  8924 | D:7      | beem: ring of wizardry[1/2]: Makes spellcasting less likely
                  | to fail. Comes in ring form that stack, but not very well.
                  | Vehumet grants a similar boost to {destructive spells},
                  | which stacks well with the ring.
  8985 | D:7      | Reached skill level 1 in Translocations
  9485 | D:7      | Reached skill level 13 in Air Magic
  9554 | D:7      | Found a staircase to the Ecumenical Temple.
  9570 | Temple   | Entered the Ecumenical Temple
  9797 | D:7      | Reached XP level 10. HP: 32/52 MP: 11/17
 10007 | D:7      | Found an iron altar of Okawaru.
 10352 | D:7      | Noticed Joseph
 10805 | D:7      | Killed Joseph
 10953 | D:8      | Noticed Maurice
 10956 | D:8      | Reached skill level 14 in Air Magic
 11402 | D:8      | Found a shimmering altar of Xom.
 11402 | D:8      | Found a shimmering altar of Xom.
 11403 | D:8      | Found a shimmering altar of Xom.
 11403 | D:8      | Found a shimmering altar of Xom.
 11403 | D:8      | Found a shimmering altar of Xom.
 11404 | D:8      | Found a shimmering altar of Xom.
 11404 | D:8      | Found a shimmering altar of Xom.
 11404 | D:8      | Found a shimmering altar of Xom.
 11520 | D:8      | Found a flagged portal.
 11539 | Bailey   | Entered a bailey
 11896 | Bailey   | Reached skill level 5 in Conjurations
 12101 | Bailey   | Noticed an orc knight
 12114 | Bailey   | Killed an orc knight
 12115 | Bailey   | Reached skill level 5 in Spellcasting
 12590 | D:8      | Killed Maurice
 12971 | D:8      | Found a shimmering blue altar of Sif Muna.
 12982 | D:8      | Became a worshipper of Sif Muna the Loreminder
 13030 | D:8      | Found a broken altar of Ashenzari.
 13597 | D:9      | Reached XP level 11. HP: 41/61 MP: 5/22
 13781 | D:9      | Noticed a two-headed ogre
 13791 | D:9      | Killed a two-headed ogre
 13837 | D:9      | Found a glowing silver altar of Zin.
 13987 | D:9      | Found an ancient bone altar of Kikubaaqudgha.
 14829 | D:10     | Entered Level 10 of the Dungeon
 14856 | D:10     | Noticed a death yak
 14856 | D:10     | Noticed a death yak
 14871 | D:10     | Killed a death yak
 14872 | D:10     | Reached skill level 1 in Evocations
 15134 | D:10     | Noticed a death yak
 15141 | D:10     | Noticed Fannar
 15144 | D:10     | Noticed a death yak
 15145 | D:10     | Killed a death yak
 15148 | D:10     | Noticed a death yak
 15153 | D:10     | Noticed a death yak
 15615 | D:10     | Killed Fannar
 15616 | D:10     | Reached skill level 5 in Summonings
 15748 | D:10     | Found a staircase to the Lair.
 15759 | D:10     | Reached skill level 5 in Stealth
 15847 | D:10     | Identified the +2 leather armour of Grot {-Cast rC+ Str+4
                  | Slay+2}
 15971 | D:10     | Found a radiant altar of Vehumet.
 16031 | D:10     | Killed a death yak
 16032 | D:10     | Reached skill level 5 in Fighting
 16156 | D:10     | Killed a death yak
 16294 | D:10     | Killed a death yak
 16300 | D:10     | Killed a death yak
 16509 | D:11     | Noticed a two-headed ogre
 16516 | D:11     | Reached * piety under Sif Muna
 16517 | D:11     | Killed a two-headed ogre
 16518 | D:11     | Reached XP level 12. HP: 41/68 MP: 8/25
 16812 | D:11     | Found a frozen archway.
 16832 | IceCv    | Entered an ice cave
 18510 | IceCv    | Reached ** piety under Sif Muna
 18811 | IceCv    | Noticed a death yak
 18817 | IceCv    | Noticed a death yak
 18822 | IceCv    | Killed a death yak
 18823 | IceCv    | Killed a death yak
 18921 | IceCv    | Noticed a frost giant
 18946 | IceCv    | Killed a frost giant
 19093 | IceCv    | Reached skill level 15 in Air Magic
 19186 | IceCv    | Noticed a death yak
 19186 | IceCv    | Noticed a death yak
 19435 | IceCv    | Killed a death yak
 19435 | IceCv    | Killed a death yak
 19436 | IceCv    | Reached XP level 13. HP: 57/74 MP: 7/26
 19545 | IceCv    | Identified the ring of Hoiwi {*Slow Will+ MP+9 Int+5
                  | Slay+2}
 19822 | D:11     | Found a staircase to the Orcish Mines.
 20134 | D:11     | Found Diululal's General Store.
 20244 | D:11     | Reached skill level 16 in Air Magic
 21050 | D:12     | Reached skill level 1 in Invocations
 21050 | D:12     | Reached *** piety under Sif Muna
 21209 | Lair:1   | Entered Level 1 of the Lair of Beasts
 21392 | Lair:1   | Learned a level 3 spell: Swiftness
 21396 | Lair:1   | Learned a level 3 spell: Call Canine Familiar
 21664 | Lair:1   | Found a runed translucent gate.
 21664 | Lair:1   | Found a runed translucent gate.
 21664 | Lair:1   | Found a runed translucent gate.
 21664 | Lair:1   | Noticed croobank's ghost (novice GrEE)
 21678 | Lair:1   | Learned a level 3 spell: Summon Guardian Golem
 22543 | Lair:1   | Reached skill level 10 in Dodging
 22546 | Lair:1   | Killed croobank's ghost
 22707 | Lair:2   | Found a hole to the Spider Nest.
 24070 | Lair:2   | Identified the -6 cloak "Gugesanu" {rElec rPois}
 24584 | Lair:2   | Reached **** piety under Sif Muna
 25657 | Lair:3   | Reached XP level 14. HP: 78/84 MP: 15/27
 25660 | Lair:3   | Reached skill level 5 in Invocations
 26091 | Lair:3   | Found a staircase to the Swamp.
 26841 | Lair:4   | Noticed Sonja
 26847 | Lair:4   | Killed Sonja
 27516 | Lair:4   | Found a hazy altar of Hepliaklqana.
 28578 | Lair:3   | Reached skill level 10 in Fighting
 28907 | Lair:4   | Reached skill level 17 in Air Magic
 30021 | Lair:5   | Identified the +0 ring mail of the Equinox {-Cast rC+ rN+}
 30379 | Lair:6   | Entered Level 6 of the Lair of Beasts
 31607 | Lair:6   | Found a runed translucent door.
 31747 | Lair:6   | Reached XP level 15. HP: 94/94 MP: 8/28
 31977 | Lair:6   | Reached skill level 18 in Air Magic
 32907 | Lair:6   | Reached ***** piety under Sif Muna
 33588 | Lair:6   | Received a gift from Sif Muna
 33670 | Lair:6   | Got Sif Muna's Volume of the Shifting Birds {god gift}
 34130 | Lair:6   | Reached skill level 19 in Air Magic
 34397 | Lair:6   | Identified the ring of Ceoduej {rN+ Str-5 Int+4 Stlth+}
 35902 | Lair:6   | Found a staircase to the Slime Pits.
 36114 | Orc:1    | Entered Level 1 of the Orcish Mines
 37630 | Orc:1    | Received a gift from Sif Muna
 37631 | Orc:1    | Got Sif Muna's Papyrus of Attacks {god gift}
 37644 | D:11     | Learned a level 5 spell: Freezing Cloud
 38456 | Orc:2    | Entered Level 2 of the Orcish Mines
 39590 | Orc:2    | Reached skill level 1 in Ice Magic
 39876 | Orc:2    | Found Sebem's Weapon Boutique.
 39876 | Orc:2    | Found Zipsaec's Distillery.
 39877 | Orc:2    | Found Diorgh's Weapon Shop.
 39881 | Orc:2    | Found Idiys's Distillery.
 39978 | Orc:2    | Bought a potion of heal wounds for 75 gold pieces
 39978 | Orc:2    | Bought a potion of heal wounds for 75 gold pieces
 39978 | Orc:2    | Bought a potion of magic for 120 gold pieces
 39980 | Orc:2    | Bought a potion of heal wounds for 70 gold pieces
 39980 | Orc:2    | Bought a potion of heal wounds for 70 gold pieces
 40339 | Orc:2    | Found a staircase to the Elven Halls.
 40340 | Orc:2    | Found Qiaczura's Antique Weapon Shoppe.
 40709 | D:12     | Identified the ring of the Death Scarab {rF+ AC+4}
 41789 | Swamp:1  | Entered Level 1 of the Swamp
 41852 | Swamp:1  | Reached XP level 16. HP: 100/100 MP: 19/29
 41912 | Lair:3   | quinnr: ??will-o-the-wisp
 41912 | Lair:3   | beem: will-o-the-wisp[1/2]: An {insubstantial} wisp monster
                  | found in {Swamp} that casts {marshlight}, which conjures
                  | two 3d14 damage {foxifire}s, and {blink}.
 42556 | Swamp:1  | You are sucked into a shaft and drop 1 floor!
 42587 | Swamp:2  | Paralysed by a hornet for 3 turns
 42591 | Swamp:2  | quinnr: @?will-o-the-wisp
 42591 | Swamp:2  | beem: will-o-the-wisp (v)
                  | Spd:
    10 | HD: 11   | HP: 33-49
                  | | AC/EV: 4/10
                  | Dam: 20
                  | non-living, see invisible, fly,
                  | unbreathing
                  | Res: will(invuln), fire, cold, elec,
                  | poison+++, drown, miasma, neg+++, torm, napalm
                  | XP: 532
                  | | Sp: marshlight (2x3d14) [!sil], blink [!sil]
                  | Sz: tiny
                  | | Int: brainless.
 43124 | Swamp:2  | Noticed a tentacled monstrosity
 43137 | Swamp:2  | Killed a tentacled monstrosity
 43137 | Swamp:2  | Received a gift from Sif Muna
 43311 | Swamp:2  | Got Sif Muna's Collected Works on Confrontation {god gift}
 45146 | Swamp:1  | Reached skill level 10 in Invocations
 46108 | Swamp:2  | HP: 4/100 [eleionoma/spray of wooden splinters (31)]
 47378 | Swamp:3  | Reached skill level 10 in Stealth
 47378 | Swamp:3  | Reached skill level 10 in Spellcasting
 47624 | Swamp:3  | Noticed a fenstrider witch
 47632 | Swamp:3  | Killed a fenstrider witch
 47804 | Swamp:3  | Found a transporter.
 47804 | Swamp:3  | Noticed flotson's ghost (adept MiDe)
 47932 | Swamp:3  | Found a transporter.
 48575 | Swamp:3  | Cast into level 3 of the Abyss (flotson's ghost)
 48575 | Abyss:3  | Found a corrupted altar of Lugonu.
 48607 | Abyss:3  | Identified the +9 dagger "Juzivih" {pain, *Corrode rElec
                  | Str+2 Int+4 Dex+4}
 48636 | Abyss:3  | quinnr: ??lurking horror
 48636 | Abyss:3  | beem: lurking horror[1/2]: An abyssal giant spore that
                  | torments (full LOS) when it explodes. Follows you with
                  | wandering mushroom AI while at a distance, but becomes
                  | increasingly likely to chase you (with speed 12) instead of
                  | standing still, the closer it gets.
 48823 | Abyss:3  | quinnr: ??abyss
 48823 | Abyss:3  | beem: abyss[1/10]: A merry-go-round of doom, featuring
                  | many, many, many different kinds of monsters who will find
                  | your flesh, bones, mind, and life tasty. 5 levels. Rune
                  | spawns in vaults on floor 3 and deeper.
 48823 | Abyss:3  | quinnr: ?abyssal rune
 48823 | Abyss:3  | quinnr: ??abyss[2
 48823 | Abyss:3  | beem: abyss[2/10]: When you get enough xp (roughly half the
                  | requirement for an elemental evocable), an exit from the
                  | abyss will open. Further kills generate more exits and
                  | stairs down (an exit if you're already on the deepest
                  | level; otherwise 50/50 exits and stairs).
 48823 | Abyss:3  | quinnr: ??abyss[3
 48823 | Abyss:3  | beem: abyss[3/10]: Exits can be found randomly. Converting
                  | to Lugonu will also let you get out, but be warned that
                  | divine retribution is typically of the same nastiness level
                  | as banishment.
 48823 | Abyss:3  | quinnr: ??abyss[3
 48823 | Abyss:3  | beem: abyss[3/10]: Exits can be found randomly. Converting
                  | to Lugonu will also let you get out, but be warned that
                  | divine retribution is typically of the same nastiness level
                  | as banishment.
 48823 | Abyss:3  | quinnr: ??abyss[4
 48823 | Abyss:3  | beem: abyss[4/10]: To get in, definitely: Fail your Will
                  | check against Banishment. Go down on a portal. Successfully
                  | invoke Lugonu's fifth power.
 48823 | Abyss:3  | quinnr: ??abyss[5
 48823 | Abyss:3  | beem: abyss[5/10]: To get in, maybe: Get hit by something
                  | with the distortion or chaos brand. Unwield distortion.
                  | Arouse the wrath of Lugonu or Nemelex. Attract the
                  | attention of Xom.
 48823 | Abyss:3  | quinnr: ??abyss[6
 48823 | Abyss:3  | beem: abyss[6/10]: The abyss is like boris in level form
 48823 | Abyss:3  | quinnr: ??abyss[7
 48823 | Abyss:3  | beem: abyss[7/10]: i wonder if everyone in the abyss, is
                  | there because they got banished to it its like fantasy
                  | australia
 48823 | Abyss:3  | quinnr: ??runes
 48823 | Abyss:3  | beem: rune[2/2]: Dungeon: Spider (gossamer), Snake
                  | (serpentine), Slime (slimy), Swamp (decaying), Shoals
                  | (barnacled), Vaults (silver), Tomb (golden). Abyss:3-5, in
                  | random vaults: (abyssal). Hells: Gehenna (obsidian),
                  | Cocytus (icy), Dis (iron), Tartarus (bone). Pandemonium, by
                  | guardian: Cerebov (fiery), Mnoleg (glowing), Lom Lobon
                  | (magical), Gloorx Vloq (dark), or randomly (demonic).
 48823 | Abyss:3  | quinnr: ??abyssal rune
 48823 | Abyss:3  | beem: abyss[1/10]: A merry-go-round of doom, featuring
                  | many, many, many different kinds of monsters who will find
                  | your flesh, bones, mind, and life tasty. 5 levels. Rune
                  | spawns in vaults on floor 3 and deeper.
 48857 | Abyss:3  | Noticed a hellephant
 49122 | Abyss:3  | Noticed a tentacled starspawn
 49124 | Abyss:3  | Killed a tentacled starspawn
 49125 | Abyss:3  | Reached XP level 17. HP: 41/104 MP: 3/32
 49278 | Abyss:3  | Found a snail-covered altar of Cheibriados.
 49870 | Abyss:3  | Found a corrupted altar of Lugonu.
 49956 | Abyss:3  | Gained mutation: You are frail. (-10% HP) [a cacodemon]
 49977 | Swamp:3  | Escaped the Abyss
 50218 | Swamp:3  | Killed flotson's ghost
 50359 | Swamp:4  | Entered Level 4 of the Swamp
 50631 | Orc:2    | Bought a potion of resistance for 150 gold pieces
 50631 | Orc:2    | Bought a potion of mutation for 120 gold pieces
 50631 | Orc:2    | Bought a potion of curing for 45 gold pieces
 50631 | Orc:2    | Bought a potion of curing for 45 gold pieces
 50631 | Orc:2    | Bought a potion of curing for 45 gold pieces
 50631 | Orc:2    | Bought a potion of lignification for 45 gold pieces
 50631 | Orc:2    | Bought a potion of ambrosia for 120 gold pieces
 50636 | Orc:2    | Bought a potion of invisibility for 112 gold pieces
 50636 | Orc:2    | Bought a potion of might for 56 gold pieces
 50636 | Orc:2    | Bought a potion of ambrosia for 112 gold pieces
 50636 | Orc:2    | Bought a potion of curing for 42 gold pieces
 50636 | Orc:2    | Bought a potion of brilliance for 56 gold pieces
 50841 | D:4      | Bought a potion of mutation for 88 gold pieces
 50841 | D:4      | Bought a potion of mutation for 88 gold pieces
 50841 | D:4      | Bought a potion of haste for 110 gold pieces
 50841 | D:4      | Bought a potion of curing for 33 gold pieces
 50841 | D:4      | Bought a potion of brilliance for 44 gold pieces
 51009 | D:11     | Bought a scroll of magic mapping for 52 gold pieces
 51741 | D:13     | Found a transporter.
 52325 | D:13     | Reached skill level 15 in Dodging
 52969 | D:13     | Reached skill level 10 in Conjurations
 53075 | D:13     | Found a gate to the Vaults.
 53203 | D:13     | Found Bionotogg's General Store.
 53207 | D:13     | Bought the amulet "Abloa" {Reflect rC+ SH+5} for 660 gold
                  | pieces
 53371 | D:13     | Found a transporter.
 53915 | D:13     | Noticed a sphinx
 53915 | D:13     | a frost giant changed into a sphinx
 53916 | D:13     | a sphinx changed into a frost giant
 53919 | D:13     | Noticed a quicksilver dragon
 53919 | D:13     | a frost giant changed into a quicksilver dragon
 53921 | D:13     | a quicksilver dragon changed into a fire giant
 53928 | D:13     | Noticed a sphinx
 53928 | D:13     | a fenstrider witch changed into a sphinx
 54462 | D:13     | Noticed a quicksilver dragon
 54462 | D:13     | a fire giant changed into a quicksilver dragon
 54472 | D:13     | Killed a quicksilver dragon
 54754 | D:13     | Learned a level 7 spell: Storm Form
 55180 | D:13     | Reached skill level 1 in Transmutations
 55438 | D:13     | Identified the ring "Uczama Odidgh" {Fly rCorr}
 55444 | D:13     | Identified the ring of Diecogho {Will+ Str+6 Dex+4}
 55465 | D:13     | Got the Papyrus of Lightness and the Voyage
 56537 | D:14     | Received a gift from Sif Muna
 56687 | D:14     | Got Sif Muna's Disquisition on Ignition and Beguiling {god
                  | gift}
 56750 | D:14     | Found a runed translucent gate.
 56754 | D:14     | Found a runed translucent gate.
 56755 | D:14     | Found a runed translucent gate.
 56968 | D:14     | Found a sparkling altar of Nemelex Xobeh.
 57112 | D:14     | Noticed SirDiesAlot's ghost (journeyman MiDe)
 57125 | D:14     | Killed SirDiesAlot's ghost
 57126 | D:14     | Reached XP level 18. HP: 100/100 MP: 1/34
 57267 | D:14     | Identified the +1 ring mail of Space {Dex+8 Slay-2}
 57293 | D:15     | Entered Level 15 of the Dungeon
 58857 | D:15     | Found a staircase to the Depths.
 60245 | Swamp:4  | Found a runed translucent door.
 60246 | Swamp:4  | Found a shimmering altar of Xom.
 60246 | Swamp:4  | Noticed porpoise's ghost (adept DECj)
 61548 | Swamp:4  | Reached skill level 10 in Summonings
 61584 | Swamp:4  | Got a decaying rune of Zot
 61884 | Swamp:4  | Killed porpoise's ghost
 61888 | Swamp:4  | Identified the ring "Qoelabb" {Fly rCorr Str+4 Dex+2}
 62113 | Spider:1 | Entered Level 1 of the Spider Nest
 62183 | Spider:1 | Reached skill level 5 in Transmutations
 62866 | Spider:1 | Received a gift from Sif Muna
 62938 | Spider:1 | Got Sif Muna's Reference Book on Attacks and Fire {god
                  | gift}
 62950 | Spider:1 | You are sucked into a shaft and drop 1 floor!
 64540 | Spider:2 | Reached XP level 19. HP: 107/107 MP: 27/36
 64732 | Spider:2 | Reached skill level 20 in Air Magic
 64919 | Spider:2 | Identified Roxanne's Incunabulum of Clay
 64919 | Spider:2 | Noticed Roxanne
 65492 | Spider:2 | Killed from afar by Roxanne

Illustrated notes

Levels and vault maps discovered:
D:1:      dpeg_arrival_round_b, layout_basic,
          hellmonk_ecumenical_altar_inner_sanctum
D:2:      layout_rooms, uniq_terence
D:3:      layout_loops_cross, grunt_dithmenos_smoke_and_mirrors,
          hellmonk_ghost_happy_afterlife, gup_sewer_entry_pipe,
          hangedman_decor_riveting
D:4:      cheibrodos_pilgrimage, layout_loops_ring,
          nicolae_qazlal_eye_of_the_storm, general_overflow_altar, serial_shops,
          nicolae_shop_stone
D:5:      layout_rooms, eat_drink_and_be_merry_uskayaw
D:6:      minmay_skewed_foursquare, layout_basic
D:7:      cheibrodos_quashed, layout_basic, okawaru_ov_weapons_minmay,
          temple_green, uniq_joseph
D:8:      layout_rooms, kennysheep_orc_sif_temple, mainiacjoe_overflow_alcove_4,
          xom_shifter_show, enter_bailey_5, uniq_maurice
D:9:      layout_stronghold, mainiacjoe_overflow_tiny_flanked,
          lemuel_doored_altar
D:10:     layout_cave_pools, lemuel_round_altar, dpeg_lair_monsters, uniq_fannar
D:11:     layout_irregular_city, minmay_orc_entry_guard_dogs,
          portal_ice_cave_demonic_guard, serial_shops, shop
D:12:     layout_roguey
D:13:     gammafunk_dig_for_victory, layout_basic, grunt_vaults_entry_tiered,
          serial_shops, shop_fountains
D:14:     layout_cave_pools, ebering_ghost_rock_garden,
          nemelex_spade_bored_becter
D:15:     grunt_enter_depths_snipers, layout_rooms, minmay_misc_feat_nine_boxes,
          grunt_ministairs_13, drop_trap
Temple:   minmay_temple_curvy_loop
Lair:1:   layout_chaotic_city, gammafunk_ghost_split, grunt_megastairs_1
Lair:2:   beast_lair_carwin_large_1, layout_small_grid, dummy_spider_entry
Lair:3:   layout_regular_city, minmay_swamp_entry_swarm, grunt_megastairs_3,
          serial_bayou_shore_a
Lair:4:   layout_gridlike, basic_altar, uniq_sonja
Lair:5:   layout_cave_shapes
Lair:6:   hangedman_lair_caniforms_friends, layout_gridlike, wormcave,
          minmay_slime_entry_oklob_enclosed, roderic_batcave,
          infiniplex_staircase_pool
Swamp:1:  layout_falls_marsh, nicolae_swamp_triple_paths, swamp_pool3
Swamp:2:  layout_basic_swamp, nicolae_swamp_rocky_clearing, swamp_pool2
Swamp:3:  layout_basic_swamp, gammafunk_ghost_mausoleum,
          evilmike_swamp_ruin_house_6, swamp_pool1
Swamp:4:  swamp_vile, layout_basic_swamp, ebering_ghost_xom
Spider:1: layout_spider_delve
Spider:2: layout_spider_delve, uniq_roxanne
Orc:1:    layout_caves, minmay_orc_temple_c
Orc:2:    st_orc_mages, layout_diamond_mine, serial_shops, shop

Skill      XL: |  1  2  3  4  5  6  7  8  9 10 11 12 13 14 15 16 17 18 19 |
---------------+----------------------------------------------------------+-----
Air Magic      | 5 7 8 10 13 14 15 16 17 19 20 | 20.0
Fighting       | 1 4 5 6 8 11 12 13 | 13.0
Conjurations   | 2 4 5 8 10 | 10.0
Spellcasting   | 3 4 7 8 10 11 12 | 12.0
Summonings     | 2 3 4 6 8 10 | 10.0
Stealth        | 3 4 5 8 10 | 10.0
Shields        | 1 4 |  4.0
Dodging        | 5 6 9 11 12 14 15 | 15.9
Translocations | 2 3 |  3.0
Evocations     | 3 4 |  4.0
Invocations    | 4 5 9 10 | 10.0
Ice Magic      | 2 4 |  4.0
Transmutations | 2 5 |  5.7

Action                   |  1- 3 |  4- 6 |  7- 9 | 10-12 | 13-15 | 16-18 | 19-21 || total
-------------------------+-------+-------+-------+-------+-------+-------+-------++-------
Melee: Unarmed           |     4 |       |       |       |       |   155 |    10 ||   169
       Kick              |     1 |       |       |     5 |    11 |    40 |       ||    57
       Peck              |     1 |       |       |     2 |     4 |    28 |       ||    35
       Staff             |       |       |       |    19 |    47 |   159 |       ||   225
 Cast: Shock             |    88 |    91 |   189 |   343 |   902 |   222 |    10 ||  1845
       Airstrike         |       |     4 |    11 |    47 |    99 |   285 |    23 ||   469
       Summon Lightning  |       |     1 |    24 |    64 |   152 |   123 |     2 ||   366
       Lightning Bolt    |       |       |       |    28 |    64 |   108 |     8 ||   208
       Blink             |       |       |       |     4 |       |    10 |       ||    14
       Summon Guardian G |       |       |       |       |    29 |    43 |     1 ||    73
       Call Canine Famil |       |       |       |       |    28 |    57 |     1 ||    86
       Freezing Cloud    |       |       |       |       |    18 |    65 |     2 ||    85
       Lehudib's Crystal |       |       |       |       |       |     1 |       ||     1
       Searing Ray       |       |       |       |       |       |     1 |       ||     1
       Swiftness         |       |       |       |       |       |     1 |       ||     1
       Storm Form        |       |       |       |       |       |     6 |     1 ||     7
Invok: Channel Magic     |       |       |       |       |     1 |    13 |     1 ||    15
       Divine Exegesis   |       |       |       |       |       |     2 |       ||     2
 Abil: Blinkbolt         |       |       |       |       |       |     3 |     1 ||     4
Evoke: Wand              |       |       |       |     8 |     6 |    26 |       ||    40
       Phial of floods   |       |       |       |       |     2 |     4 |       ||     6
  Use: Potion            |       |     6 |       |     3 |     1 |    23 |       ||    33
       Scroll            |       |     9 |     3 |     2 |    16 |    15 |       ||    45
 Stab: Distracted        |       |       |       |       |     2 |     3 |     2 ||     7
Armor: Robe              |     4 |     7 |     9 |    39 |   113 |   157 |     5 ||   334
       Skin              |       |       |       |       |       |    35 |       ||    35
Dodge: Dodged            |    10 |    14 |    40 |   165 |   427 |   818 |    13 ||  1487
Block: Buckler           |       |       |    16 |    75 |   189 |   310 |    12 ||   602
       Reflection        |       |       |       |       |       |    17 |     1 ||    18
       Other             |       |       |       |       |       |    26 |       ||    26

Table legend: (Time is in decaauts)
 A = Elapsed time spent in this place.
 B = Non-inter-level travel time spent in this place.
 C = Inter-level travel time spent in this place.
 D = Time resting spent in this place.
 E = Time spent auto-exploring this place.
 F = Levels seen in this place.
 G = Mean time per level.
                   A        B        C        D        E       F      G
               +--------+--------+--------+--------+--------+-----+--------+
         Total |  63617 |  60419 |   3198 |  22157 |  29450 |  34 | 1871.1 |
       Dungeon |  27180 |  25540 |   1640 |   8634 |  13654 |  15 | 1812.0 |
        Temple |    306 |    285 |     21 |    110 |    164 |   1 |  306.0 |
          Lair |  15782 |  14895 |    887 |   5934 |   7017 |   6 | 2630.3 |
         Swamp |   8899 |   8537 |    362 |   3908 |   3251 |   4 | 2224.8 |
   Spider Nest |   2876 |   2778 |     98 |    710 |   1706 |   2 | 1438.0 |
  Orcish Mines |   3109 |   2922 |    187 |    850 |   1473 |   2 | 1554.5 |
         Abyss |   1381 |   1381 |      0 |    851 |      0 |   1 | 1381.0 |
         Sewer |    418 |    418 |      0 |    205 |    146 |   1 |  418.0 |
        Bailey |    854 |    854 |      0 |    218 |    521 |   1 |  854.0 |
      Ice Cave |   2808 |   2808 |      0 |    733 |   1513 |   1 | 2808.0 |
               +--------+--------+--------+--------+--------+-----+--------+

Top non-repeatable levels by time:
    D:13: 4877 daAuts
  Lair:6: 3668 daAuts
 Swamp:2: 3199 daAuts
    D:11: 3030 daAuts
   IceCv: 2808 daAuts
  Lair:3: 2787 daAuts
 Swamp:3: 2518 daAuts
     D:7: 2494 daAuts
  Lair:5: 2432 daAuts
  Lair:2: 2428 daAuts
  Lair:4: 2234 daAuts
  Lair:1: 2231 daAuts
     D:9: 1993 daAuts
    D:14: 1883 daAuts
     D:6: 1881 daAuts
